 Dungeon Crawl Stone Soup version 0.25-a0-458-g6fc7858b95 (webtiles) character file.

Game seed: 8099425278153009757, levelgen mode: deterministic

2228 Delarado the Magician (level 9, 0/65 HPs)
             Began as a Gnoll Wanderer on Feb 2, 2020.
             Was an Initiate of Gozag.
             Slain by an orc warrior
             ... wielding a +0 mace
              (5 damage)
             ... on level 7 of the Dungeon.
             The game lasted 00:41:45 (9979 turns).

Delarado the Magician (Gnoll Wanderer)              Turns: 9979, Time: 00:41:46

Health: 0/65       AC:  8    Str: 20    XL:     9   Next: 36%
Magic:  18/18      EV: 14    Int: 15    God:    Gozag
Gold:   677        SH:  0    Dex: 15    Spells: 20/21 levels left

rFire    . . .     SeeInvis .   x - +2 whip (drain)
rCold    + . .     Gourm    .   (no shield)
rNeg     . . .     Faith    .   B - +3 leather armour "Micvuplomo" {MR+ Dex+3}
rPois    .         Spirit   .   y - +0 helmet
rElec    .         Reflect  .   (no cloak)
rCorr    .         Harm     .   (no gloves)
MR       +....                  s - +0 pair of boots
Stlth    +++.......             (no amulet)
HPRegen  0.20/turn              K - ring of protection from cold
MPRegen  0.16/turn              (no ring)

@: no status effects
A: distributed training, fangs 1, strong nose
a: Potion Petition, Call Merchant, Bribe Branch, Renounce Religion


You were on level 7 of the Dungeon.
You worshipped Gozag.
Gozag was pleased with you.
You were hungry.

You visited 1 branch of the dungeon, and saw 7 of its levels.
You also visited: Sewer.

You collected 1592 gold pieces.
You spent 408 gold pieces at shops.
You paid 507 gold pieces to Gozag.

Inventory:

Hand Weapons
 a - a +2 dagger
 x - a +2 whip of draining (weapon)
Missiles
 c - 553 stones (quivered)
 k - 5 javelins
 n - 3 datura-tipped darts
 u - 2 throwing nets
Armour
 d - a +0 robe
 s - a +0 pair of boots (worn)
 y - a +0 helmet (worn)
 z - a +0 chain mail
 B - the +3 leather armour "Micvuplomo" (worn) {MR+ Dex+3}
   (You found it on level 4 of the Dungeon)

   It affects your dexterity (+3).
   It affects your resistance to hostile enchantments.
   If you remove this armour, your AC will fall 6 points (8 -> 2)
Magical Staves
 A - an uncursed staff of power
Jewellery
 o - an uncursed ring of fire
 C - an uncursed ring of teleportation
 K - a ring of protection from cold (left hand)
Wands
 v - a wand of flame (19)
 L - a wand of enslavement (6)
Scrolls
 e - 7 scrolls of remove curse
 h - 5 scrolls of teleportation
 l - a scroll of immolation
 r - 4 scrolls of fog
 t - a scroll of enchant armour
 F - 2 scrolls of blinking
 I - a scroll of vulnerability
 M - a scroll of magic mapping
Potions
 g - a potion of might
 i - a potion of resistance
 j - 2 potions of invisibility
 m - a potion of curing
 p - 6 potions of brilliance
 q - 2 potions of haste
 w - a potion of agility
 D - 6 potions of flight
 E - a potion of mutation
 H - 2 potions of lignification
Comestibles
 f - 9 rations


   Skills:
 + Level 4.1 Fighting
 + Level 4.1 Short Blades
 + Level 4.1 Long Blades
 + Level 4.1 Axes
 + Level 4.1 Maces & Flails
 + Level 4.1 Polearms
 + Level 4.1 Staves
 + Level 4.1 Slings
 + Level 4.1 Bows
 + Level 4.1 Crossbows
 + Level 4.1 Throwing
 + Level 4.1 Armour
 + Level 4.1 Dodging
 + Level 4.8 Stealth
 + Level 4.1 Shields
 + Level 4.1 Unarmed Combat
 + Level 6.5 Spellcasting
 + Level 3.3 Conjurations
 + Level 3.3 Hexes
 + Level 3.3 Charms
 + Level 4.0 Summonings
 + Level 4.0 Necromancy
 + Level 3.3 Translocations
 + Level 4.0 Transmutations
 + Level 3.3 Fire Magic
 + Level 3.3 Ice Magic
 + Level 3.3 Air Magic
 + Level 6.5 Earth Magic
 + Level 3.3 Poison Magic
 + Level 4.5 Invocations
 + Level 4.9 Evocations


You had 20 spell levels left.
You knew the following spells:

 Your Spells              Type           Power        Failure   Level  Hunger
a - Pain                  Necr           ###.         3%          1    None

Your spell library contained the following spells:

 Spells                   Type           Power        Failure   Level  Hunger
 Shock                    Conj/Air       ###.         4%          1    None
 Swiftness                Chrm/Air       ###.....     6%          2    #......
 Vampiric Draining        Necr           ###.......   9%          3    ##.....
 Static Discharge         Conj/Air       ###.....     12%         3    ##.....
 Airstrike                Air            ###.......   36%         4    ####...
 Lightning Bolt           Conj/Air       ###.......   73%         5    ######.


Dungeon Overview and Level Annotations

Branches:
Dungeon (7/15)             Temple (0/1) D:5           Sewer (visited)

Altars:
Gozag
Ru
Sif Muna
Trog
Vehumet

Shops:
D:4 ?   D:5 }!*?

Annotations:
D:5 1 exclusion
D:6 3 runed translucent doors, PeterQ's ghost, novice GnGl; Thargor's ghost, novice DEFE; stillor's ghost, novice TrMo


Innate Abilities, Weirdness & Mutations

Your experience applies equally to all skills.
You have very sharp teeth.
Your uncanny sense of smell can sniff out nearby items.


Message History

You barely miss the orc warrior.
The orc warrior is severely wounded.
The orc warrior hits you with a +0 mace.
* * * LOW HITPOINT WARNING * * *
You completely miss the orc warrior.
The orc warrior is severely wounded.
You barely miss the orc warrior.
You bite the orc warrior, but do no damage.
The orc warrior is severely wounded.
The orc warrior barely misses you.
You barely miss the orc warrior.
The orc warrior is severely wounded.
The orc warrior closely misses you.
You barely miss the orc warrior.
The orc shouts!
You bite the orc warrior, but do no damage.
The orc warrior is severely wounded.
The orc warrior hits you with a +0 mace.
You die...
Your body crumbles into a pile of gold.

#### ##.#. .##....##
........## ..(....(o@##
##..........# #...........#
.. ##### #...###...#.....
...#
##...###....#o#..###..##....#
.....##......[...####..#....#
......#.........#.##..##.<..#
................#.##........
.##
...................#......##
..#


You could see an orc warrior and an orc.

Vanquished Creatures
  2 water moccasins
  An orc warrior (D:6)
  A phantom (D:5)
  3 ogres
  An ice beast (D:6)
  4 big kobolds (D:3)
  A bullfrog (D:6)
  2 scorpions
  A crimson imp (D:6)
  A bullfrog zombie (D:7)
  A centaur zombie (D:7)
  A hound (D:6)
  A jelly (D:6)
  3 orc priests
  4 orc wizards
  Natasha (thrice) (D:3)
  A centaur skeleton (D:4)
  A worker ant (D:5)
  An iguana (D:6)
  A hound skeleton (D:7)
  Robin (D:2)
  6 gnolls
  13 adders
  2 river rats (D:4)
  A shadow imp (D:6)
  2 oozes
  An adder skeleton (D:6)
  3 dart slugs
  6 worms
  5 leopard geckos
  34 orcs
  6 ball pythons
  2 giant cockroaches
  43 goblins
  25 hobgoblins
  7 jackals
  9 kobolds
  4 quokkas
  15 bats
  6 frilled lizards
  A giant cockroach zombie (D:6)
  A jackal zombie (D:7)
  A leopard gecko skeleton (D:4)
  12 rats
240 creatures vanquished.

Vanquished Creatures (collateral kills)
  A gnoll sergeant (D:7)
  3 gnolls (D:7)
  4 goblins (D:3)
  A hobgoblin (D:3)
9 creatures vanquished.

Vanquished Creatures (others)
  A goblin (D:3)
  4 withered plants (D:6)
5 creatures vanquished.

Grand Total: 254 creatures vanquished

Notes
Turn   | Place    | Note
-------+----------+-------------------------------------------
     0 | D:1      | Delarado the Gnoll Wanderer began the quest for the Orb.
     0 | D:1      | Delarado set off with the following items: a +2 dagger, a
                  | scroll of fear, a +0 robe, a ration; and the following
                  | spell memorised: Pain; and the following spells available
                  | to memorise: Vampiric Draining
     0 | D:1      | Reached XP level 1. HP: 13/13 MP: 6/6
   766 | D:1      | Reached XP level 2. HP: 19/19 MP: 7/7
  1200 | D:2      | HP: 1/20 [adder (3)]
  1202 | D:2      | Reached skill level 5 in Spellcasting
  1202 | D:2      | Reached XP level 3. HP: 1/25 MP: 7/9
  1557 | D:2      | Reached skill level 1 in Invocations
  1918 | D:2      | Reached skill level 1 in Fighting
  1918 | D:2      | Reached skill level 1 in Short Blades
  1918 | D:2      | Reached skill level 1 in Long Blades
  1918 | D:2      | Reached skill level 1 in Axes
  1918 | D:2      | Reached skill level 1 in Maces & Flails
  1918 | D:2      | Reached skill level 1 in Polearms
  1918 | D:2      | Reached skill level 1 in Staves
  1918 | D:2      | Reached skill level 1 in Slings
  1918 | D:2      | Reached skill level 1 in Bows
  1918 | D:2      | Reached skill level 1 in Crossbows
  1918 | D:2      | Reached skill level 1 in Throwing
  1918 | D:2      | Reached skill level 1 in Armour
  1918 | D:2      | Reached skill level 1 in Dodging
  1918 | D:2      | Reached skill level 1 in Shields
  1918 | D:2      | Reached skill level 1 in Unarmed Combat
  1921 | D:2      | Reached XP level 4. HP: 31/32 MP: 11/11
  2228 | D:1      | Reached skill level 1 in Conjurations
  2228 | D:1      | Reached skill level 1 in Hexes
  2228 | D:1      | Reached skill level 1 in Charms
  2228 | D:1      | Reached skill level 1 in Translocations
  2228 | D:1      | Reached skill level 1 in Fire Magic
  2228 | D:1      | Reached skill level 1 in Ice Magic
  2228 | D:1      | Reached skill level 1 in Air Magic
  2228 | D:1      | Reached skill level 1 in Poison Magic
  2266 | D:2      | Noticed Robin
  2542 | D:1      | Reached XP level 5. HP: 10/37 MP: 12/12
  2773 | D:2      | Killed Robin
  3495 | D:3      | Reached XP level 6. HP: 39/44 MP: 13/13
  3557 | D:3      | Found an opulent altar of Gozag.
  3564 | D:3      | Became a worshipper of Gozag Ym Sagoz the Greedy
  4064 | D:3      | Reached XP level 7. HP: 46/50 MP: 15/15
  4259 | D:3      | Noticed Natasha
  4271 | D:3      | Killed Natasha
  4394 | D:3      | Noticed Natasha
  4407 | D:3      | Killed Natasha
  5150 | D:3      | Noticed Natasha
  5158 | D:3      | Killed Natasha
  5681 | D:4      | Got a faintly humming leather armour
  5713 | D:4      | Found a glowing drain.
  5737 | Sewer    | Entered a sewer
  5775 | Sewer    | Identified the +3 leather armour "Micvuplomo" {MR+ Dex+3}
                  | (You found it on level 4 of the Dungeon)
  6350 | D:4      | Found a sacrificial altar of Ru.
  6395 | D:4      | Found a bloodstained altar of Trog.
  6787 | D:4      | Bought a scroll of fog for 28 gold pieces
  6787 | D:4      | Bought a scroll of blinking for 105 gold pieces
  6787 | D:4      | Bought a scroll of identify for 28 gold pieces
  6787 | D:4      | Bought a scroll of identify for 28 gold pieces
  6790 | D:4      | Bought a scroll of identify for 28 gold pieces
  6790 | D:4      | Bought a scroll of summoning for 133 gold pieces
  6810 | D:5      | Entered Level 5 of the Dungeon
  6836 | D:5      | Found Zoej's Gadget Emporium.
  6836 | D:5      | Found Leiptaj's Magic Scroll Emporium.
  6837 | D:5      | Found Zorghye's Distillery.
  6846 | D:5      | Found Piupreob's General Store.
  6848 | D:5      | Bought a potion of lignification for 36 gold pieces
  6864 | D:5      | Bought a scroll of fog for 22 gold pieces
  6895 | D:5      | Reached XP level 8. HP: 57/57 MP: 16/16
  7419 | D:5      | Found a radiant altar of Vehumet.
  7509 | D:5      | Found a shimmering blue altar of Sif Muna.
  7550 | D:5      | Found a staircase to the Ecumenical Temple.
  8573 | D:6      | Reached XP level 9. HP: 60/65 MP: 18/18
  8847 | D:6      | Found a runed translucent gate.
  8849 | D:6      | Found a runed translucent gate.
  8850 | D:6      | Found a runed translucent gate.
  8866 | D:6      | Found a bloodstained altar of Trog.
  8879 | D:6      | Noticed PeterQ's ghost (novice GnGl)
  8879 | D:6      | Noticed Thargor's ghost (novice DEFE)
  8879 | D:6      | Noticed stillor's ghost (novice TrMo)
  9216 | D:6      | HP: 1/65 [orc warrior/+0 flail (7)]
  9979 | D:7      | Slain by an orc warrior

Levels and vault maps discovered:
D:1:      dpeg_arrival_circle_labyrinth_c, layout_basic
D:2:      layout_loops_cross, chequers_garden, uniq_robin
D:3:      minmay_goblin_kobold_castle, layout_basic, grunt_gozag_statues,
          first_ration, uniq_natasha
D:4:      layout_basic, overflow_temple_1_default,
          nicolae_ru_the_path_less_chosen, portal_sewer_entry_e,
          minmay_goblin_kobold_house
D:5:      layout_loops_ring, led_sif_book, lemuel_round_altar,
          minmay_temple_entry_poolview, minmay_shop_grid_forest
D:6:      layout_cave_pools, gammafunk_ghost_cemetery, trog_book
D:7:      layout_cave_pools, lemuel_round_altar, elyvilon_altar_5, sigmund_army

Skill      XL: |  1  2  3  4  5  6  7  8  9 |
---------------+----------------------------+-----
Summonings     | 2 3 4 |  4.0
Necromancy     | 2 3 4 |  4.0
Transmutations | 2 3 4 |  4.0
Spellcasting   | 5 6 |  6.5
Invocations    | 1 2 3 4 |  4.5
Fighting       | 1 2 3 4 |  4.1
Short Blades   | 1 2 3 4 |  4.1
Long Blades    | 1 2 3 4 |  4.1
Axes           | 1 2 3 4 |  4.1
Maces & Flails | 1 2 3 4 |  4.1
Polearms       | 1 2 3 4 |  4.1
Staves         | 1 2 3 4 |  4.1
Slings         | 1 2 3 4 |  4.1
Bows           | 1 2 3 4 |  4.1
Crossbows      | 1 2 3 4 |  4.1
Throwing       | 1 2 3 4 |  4.1
Armour         | 1 2 3 4 |  4.1
Dodging        | 1 2 3 4 |  4.1
Shields        | 1 2 3 4 |  4.1
Unarmed Combat | 1 2 3 4 |  4.1
Conjurations   | 1 2 3 |  3.3
Hexes          | 1 2 3 |  3.3
Charms         | 1 2 3 |  3.3
Translocations | 1 2 3 |  3.3
Fire Magic     | 1 2 3 |  3.3
Ice Magic      | 1 2 3 |  3.3
Air Magic      | 1 2 3 |  3.3
Poison Magic   | 1 2 3 |  3.3
Evocations     | 3 4 |  4.9
Stealth        | 3 4 |  4.8
Earth Magic    | 6 |  6.5

Action                   |  1- 3 |  4- 6 |  7- 9 || total
-------------------------+-------+-------+-------++-------
Melee: Dagger            |    44 |    62 |       ||   106
       Bite              |     4 |    14 |    51 ||    69
       Whip              |       |   137 |   479 ||   616
       Punch             |       |     1 |     8 ||     9
Throw: Boomerang         |    45 |    89 |   166 ||   300
       Javelin           |       |     3 |    11 ||    14
       Dart              |       |     3 |     1 ||     4
       Stone             |       |       |    44 ||    44
Invok: Call Merchant     |       |       |     1 ||     1
  Use: Scroll            |     1 |     7 |    17 ||    25
       Potion            |       |       |     2 ||     2
 Stab: Sleeping          |     1 |       |     1 ||     2
       Distracted        |       |       |     2 ||     2
  Eat: Chunk             |     1 |     4 |       ||     5
       Ration            |     1 |     1 |     5 ||     7
Armor: Robe              |     5 |    17 |       ||    22
       Chain mail        |       |    66 |   127 ||   193
       Leather armour    |       |       |    69 ||    69
Dodge: Dodged            |    23 |    99 |   261 ||   383

Table legend:
 A = Non-vault XP
 B = Vault XP
 C = Vault XP percentage of total XP
 D = Non-vault monster count
 E = Vault monster count
 F = Vault count percentage of total count
                 A         B        C        D         E       F
            +---------+---------+-------+---------+---------+-------
      Total |    2464 |     720 |  22.6 |     145 |     104 |  41.8
            +---------+---------+-------+---------+---------+-------
        D:1 |      28 |       7 |  20.0 |      12 |       5 |  29.4
        D:2 |     127 |      27 |  17.5 |      26 |       7 |  21.2
        D:3 |     246 |     591 |  70.6 |      28 |      61 |  68.5
        D:4 |      69 |      46 |  40.0 |      11 |      14 |  56.0
        D:5 |     644 |       0 |   0.0 |      17 |       0 |   0.0
        D:6 |    1104 |       0 |   0.0 |      39 |       0 |   0.0
        D:7 |     246 |       0 |   0.0 |      12 |       0 |   0.0
      Sewer |       0 |      49 | 100.0 |       0 |      17 | 100.0
            +---------+---------+-------+---------+---------+-------
